 Dungeon Crawl Stone Soup version 0.31-a0-217-g58bb5d79cf (webtiles) character file.

Game seed: 14931484104191526386

109 qw the Shooter (level 4, -1/36 HPs)
             Began as a Minotaur Hexslinger on July 2, 2023.
             Slain by an iguana (3 damage)
             ... on level 4 of the Dungeon.
             The game lasted 00:00:48 (2441 turns).

qw the Shooter (Minotaur Hexslinger)                Turns: 2441, Time: 00:00:49

Health: -1/36      AC:  3    Str: 11 (12) XL:     4   Next: 60%
Magic:  4/4        EV: 12    Int:  9 (10) God:
Gold:   157        SH:  0    Dex: 14 (15) Spells: 4/5 levels left

rFire   . . .        Y - +1 sling
rCold   . . .        (no shield)
rNeg    . . .        f - +0 leather armour
rPois   .            (helmet restricted)
rElec   .            (no cloak)
rCorr   .            (no gloves)
SInv    .            (no boots)
Will    .....        (no amulet)
Stlth   +            (no ring)
HPRegen 0.26/turn    (no ring)
MPRegen 0.09/turn

%: no passive effects
@: no status effects
A: horns 2, retaliatory headbutt, wild magic 1
a: no special abilities


You were on level 4 of the Dungeon.
You visited 1 branch of the dungeon, and saw 4 of its levels.

You collected 157 gold pieces.


Innate Abilities, Weirdness & Mutations

You have a pair of horns on your head.
You reflexively headbutt those who attack you in melee.
Your spells are a little harder to cast, but a little more powerful.


   Skills:
 + Level 2.3 Fighting
 - Level 5.0 Ranged Weapons
 - Level 2.1 Dodging
 - Level 1.0 Spellcasting
 - Level 2.0 Hexes


You had 4 spell levels left.
You knew the following spells:

 Your Spells              Type           Power      Damage    Failure   Level
a - Slow                  Hex            20%        N/A       30%         1

Your spell library contained the following spells:

 Spells                   Type           Power      Damage    Failure   Level
 Inner Flame              Hex/Fire       2%         N/A       75%         3
 Portal Projectile        Hex/Tloc       4%         N/A       75%         3
 Cause Fear               Hex            2%         N/A       95%         4

Inventory:

Hand Weapons
 Y - a +1 sling (weapon)
Armour
 f - a +0 leather armour (worn)
Scrolls
 b - 2 scrolls of identify
 e - a scroll of teleportation {unknown}
Potions
 a - a potion of heal wounds {unknown}
 c - a potion of haste
 d - a potion of enlightenment
 g - a potion of mutation
 h - a potion of resistance

Dungeon Overview and Level Annotations

Branches:
Dungeon (4/15)
 Temple: D:4-7

Altars:


Message History

The orc wizard is lightly wounded.
You shoot a sling bullet.
The sling bullet barely misses the orc wizard.
The sling bullet hits the iguana.
The iguana is moderately wounded.
You shoot a sling bullet. The sling bullet misses the orc wizard.
The orc wizard hits you with a +0 dagger.
You shoot a sling bullet. The sling bullet hits the orc wizard.
The orc wizard is heavily wounded.
The iguana completely misses you.
The orc wizard gestures at you while chanting.
The magic dart hits you.
You shoot a sling bullet.
The sling bullet barely misses the orc wizard.
The sling bullet hits the hobgoblin!
You kill the hobgoblin!
The iguana bites you!
The orc wizard points at you and mumbles some strange words.
You resist with some effort.
The orc wizard hits you with a +0 dagger.
The iguana bites you but does no damage.
You shoot a sling bullet.
The sling bullet barely misses the orc wizard.
The iguana closely misses you.
The orc wizard hits you with a +0 dagger.
The orc hits you but does no damage.
You shoot a sling bullet.
The sling bullet closely misses the orc wizard.
The iguana bites you!
The orc wizard hits you but does no damage.
The orc hits you with a +0 whip.
You shoot a sling bullet. The sling bullet hits the orc wizard.
The orc wizard is severely wounded.
The iguana bites you!
The orc wizard hits you but does no damage.
The orc closely misses you.
You shoot a sling bullet. The sling bullet hits the orc wizard.
The orc wizard is severely wounded.
The iguana bites you.
You die...

....#.......
..........#
..........# #
.......... ##.#.
#.......
##.....##.%...#
#### ..<.....loo..#
#..## #.....###.@#
#...##..#...#....#
#......#........##
#..##.##....#..##
#.........###.##
..##..#...##...#
.###.###..#....###
..##.............#
..###..#....###...#


You could see an iguana, an orc wizard and an orc.

Vanquished Creatures
  3 gnolls (D:3)
  An adder (D:3)
  2 dart slugs
  2 orcs
  4 ball pythons
  7 endoplasms
  3 giant cockroaches
  3 goblins
  6 hobgoblins
  11 jackals
  4 quokkas
  5 bats
  A frilled lizard (D:2)
  2 kobolds
  5 rats
59 creatures vanquished.

Notes
Turn   | Place    | Note
-------+----------+-------------------------------------------
     0 | D:1      | qw the Minotaur Hexslinger began the quest for the Orb.
     0 | D:1      | Reached XP level 1. HP: 16/16 MP: 1/1
     0 | D:1      | 0 ||| qw: Version: 0.3-a-40-ge99b1a8
     0 | D:1      | 0 ||| qw: Game counter: 8021
     0 | D:1      | 0 ||| qw: Melee chars always use a shield: true
     0 | D:1      | 0 ||| qw: God list: Okawaru
     0 | D:1      | 0 ||| qw: Allow faded altars: false
     0 | D:1      | 0 ||| qw: Do Orc after clearing Dungeon:15 true
     0 | D:1      | 0 ||| qw: Do second Lair branch before Depths: true
     0 | D:1      | 0 ||| qw: Lair rune preference: random
     0 | D:1      | 0 ||| qw: Goals: Normal
     0 | D:1      | 0 ||| PLANNING D:1-11
   162 | D:1      | Reached skill level 3 in Ranged Weapons
   162 | D:1      | Reached XP level 2. HP: 23/23 MP: 2/2
   169 | D:1      | Found a faded altar of an unknown god.
   612 | D:1      | 612 ||| UPGRADING to +0 leather armour.
   622 | D:1      | 622 ||| DROPPING +0 robe.
   623 | D:1      | 623 ||| READING 2 scrolls labelled HUXKUO TINIAPN.
   624 | D:1      | 624 ||| READING scroll labelled NUABIW HIURA.
   625 | D:1      | 625 ||| DROPPING scroll of fog.
   626 | D:1      | 626 ||| DROPPING scroll of poison.
  1006 | D:2      | Reached XP level 3. HP: 29/29 MP: 3/3
  1058 | D:2      | Identified the +7 long sword of Compulsion {holy, rN+ Str+2
                  | Dex+4}
  1218 | D:2      | 1218 ||| READING scroll labelled YTWYUCK TEATSU.
  1219 | D:2      | 1219 ||| DRINKING 2 orange potions.
  1220 | D:2      | 1220 ||| READING 2 scrolls of identify.
  1220 | D:2      | 1220 ||| IDENTIFYING cyan potion
  1221 | D:2      | 1221 ||| DROPPING potion of degeneration.
  1344 | D:3      | Reached skill level 4 in Ranged Weapons
  1610 | D:3      | Reached XP level 4. HP: 36/36 MP: 4/4
  2099 | D:3      | HP: 7/36 [gnoll/+0 whip (3)]
  2104 | D:3      | HP: 3/36 [gnoll/+0 whip (2)]
  2106 | D:3      | Reached skill level 5 in Ranged Weapons
  2296 | D:3      | 2296 ||| READING scroll labelled LIM WOVYUBORGH.
  2297 | D:3      | 2297 ||| READING scroll labelled AMAOBITALL.
  2298 | D:3      | 2298 ||| DRINKING 2 clear potions.
  2299 | D:3      | 2299 ||| DRINKING 2 blue potions.
  2300 | D:3      | 2300 ||| DRINKING 2 silvery potions.
  2300 | D:3      | Gained mutation: Your spells are a little harder to cast,
                  | but a little more powerful. [potion of mutation]
  2301 | D:3      | 2301 ||| READING 2 scrolls of identify.
  2301 | D:3      | 2301 ||| IDENTIFYING fuming black potion
  2302 | D:3      | 2302 ||| DROPPING potion of attraction.
  2440 | D:4      | HP: 2/36 [iguana (10)]
  2441 | D:4      | Slain by an iguana

Levels and vault maps discovered:
D:1:      kennysheep_arrival_forest, layout_rooms,
          shapermc_ecumenical_altar_mp_urbaneastern
D:2:      layout_basic, chequers_serial_rivers_large_b
D:3:      layout_loops_corners
D:4:      layout_cave_pools, okawaru_trees_2, temple_statues

Skill      XL: |  1  2  3  4 |
---------------+-------------+-----
Ranged Weapons | 3 4 5 |  5.0
Fighting       | 2 |  2.3
Dodging        | |  2.1
Spellcasting   | |  1.0
Hexes          | |  2.0

Action                     |  1- 3 |  4- 6 || total
---------------------------+-------+-------++-------
   Fire: Sling             |   105 |    67 ||   172
    Use: Scroll            |     4 |     3 ||     7
         Potion            |     1 |     3 ||     4
 Armour: Leather armour    |     5 |     7 ||    12
  Dodge: Dodged            |    26 |    22 ||    48

Table legend:
 A = Non-vault XP
 B = Vault XP
 C = Vault XP percentage of total XP
 D = Non-vault monster count
 E = Vault monster count
 F = Vault count percentage of total count
                 A         B        C        D         E       F
            +---------+---------+-------+---------+---------+-------
      Total |     157 |       0 |   0.0 |      59 |       0 |   0.0
            +---------+---------+-------+---------+---------+-------
        D:1 |      24 |       0 |   0.0 |      13 |       0 |   0.0
        D:2 |      26 |       0 |   0.0 |      16 |       0 |   0.0
        D:3 |      94 |       0 |   0.0 |      24 |       0 |   0.0
        D:4 |      13 |       0 |   0.0 |       6 |       0 |   0.0
            +---------+---------+-------+---------+---------+-------
